 Dungeon Crawl Stone Soup version 0.32-a0-872-g59262bdc9b (webtiles) character file.

Game seed: 2386652626595319554

683 dolemite99 the Vexing (level 7, 0/53 HPs)
             Began as a Gnoll Hexslinger on Mar 30, 2024.
             Was a Believer of Kikubaaqudgha.
             Killed by divine providence
             ... invoked by an orc priest
              (12 damage)
             ... on level 5 of the Dungeon.
             The game lasted 00:06:48 (4952 turns).

dolemite99 the Vexing (Gnoll Hexslinger)            Turns: 4952, Time: 00:06:48

Health: 0/53       AC:  2    Str:  7    XL:     7   Next: 61%
Magic:  11/13      EV: 13    Int: 14    God:    Kikubaaqudgha [**....]
Gold:   242        SH:  0    Dex: 15    Spells: 2/14 levels left

rFire   . . .        a - +1 orcbow
rCold   . . .        (shield currently unavailable)
rNeg    + . .        c - +0 robe
rPois   .            (no helmet)
rElec   .            (no cloak)
rCorr   .            (no gloves)
SInv    .            (no boots)
Will    .....        (no amulet)
Stlth   ++           f - ring of positive energy
HPRegen 0.28/turn    (no ring)
MPRegen 0.13/turn

%: no passive effects
@: no status effects
A: fangs 1, strong nose, distributed training
a: Renounce Religion, Unearth Wretches


You were on level 5 of the Dungeon.
You worshipped Kikubaaqudgha.
Kikubaaqudgha was pleased with you.
You visited 1 branch of the dungeon, and saw 5 of its levels.

You collected 370 gold pieces.
You spent 128 gold pieces at shops.

Inventory:

Hand Weapons
 a - a +1 orcbow (weapon)
 d - a +0 dagger of pain
 h - a +2 sling of electrocution
 i - a +0 rapier
 l - a +1 sling
 o - a +2 vampiric short sword
Armour
 c - a +0 robe (worn)
Jewellery
 f - a ring of positive energy (left hand)
Wands
 j - a wand of mindburst (18)
 p - a wand of quicksilver (7)
Scrolls
 b - 2 scrolls of poison
 k - a scroll of revelation
Potions
 n - a potion of berserk rage


   Skills:
 + Level 3.8 Fighting
 + Level 2.7 Short Blades
 + Level 2.7 Long Blades
 + Level 2.7 Axes
 + Level 2.7 Maces & Flails
 + Level 2.7 Polearms
 + Level 2.7 Staves
 + Level 5.3 Ranged Weapons
 + Level 2.7 Throwing
 + Level 2.7 Armour
 + Level 5.3 Dodging
 + Level 2.7 Stealth
 + Level 2.7 Shields
 + Level 2.7 Unarmed Combat
 + Level 4.0 Spellcasting
 + Level 2.2 Conjurations
 + Level 5.9 Hexes
 + Level 2.2 Summonings
 + Level 2.2 Necromancy
 + Level 2.2 Translocations
 + Level 3.1 Fire Magic
 + Level 2.2 Ice Magic
 + Level 2.2 Air Magic
 + Level 2.2 Earth Magic
 + Level 2.2 Alchemy
 + Level 3.0 Invocations
 + Level 2.7 Evocations
 + Level 2.4 Shapeshifting


You had 2 spell levels left.
You knew the following spells:

 Your Spells              Type           Power      Damage    Failure   Level
a - Jinxbite              Hex            38%        N/A       2%          2
b - Mercury Vapours       Alch/Air       18%        N/A       12%         2
c - Inner Flame           Hex/Fire       15%        N/A       9%          3
d - Sigil of Binding      Hex            19%        N/A       4%          3
e - Blink                 Tloc           18%        N/A       12%         2

Your spell library contained the following spells:

 Spells                   Type           Power      Damage    Failure   Level
 Slow                     Hex            76%        N/A       1%          1
 Cigotuvi's Dreadful Rot  Necr/Alch/Air  18%        N/A       12%         2
 Lesser Beckoning         Tloc           18%        N/A       12%         2
 Momentum Strike          Conj/Tloc      18%        3d8       12%         2
 Sublimation of Blood     Necr           9%         N/A       12%         2
 Dazzling Flash           Conj/Hex       28%        N/A       11%         3
 Cause Fear               Hex            9%         N/A       17%         4
 Fugue of the Fallen      Necr           9%         N/A       24%         3
 Vampiric Draining        Necr           9%         2d6       24%         3
 Dimensional Bullseye     Hex/Tloc       7%         N/A       34%         4
 Ignite Poison            Fire/Alch      10%        N/A       54%         4
 Freezing Cloud           Conj/Ice/Air   4%         6-21      91%         5
 Summon Hydra             Summ           4%         N/A       100%        7
 Discord                  Hex            9%         N/A       100%        8


Dungeon Overview and Level Annotations

Branches:
Dungeon (5/15)
 Temple: D:4-7

Altars:
Dithmenos
Hepliaklqana
Kikubaaqudgha

Shops:
D:4 **:


Innate Abilities, Weirdness & Mutations

You have very sharp teeth.
Your uncanny sense of smell can sniff out nearby items.
Your experience applies equally to all skills.


Message History

The orc priest hits you but does no damage.
Your Spellcasting skill increases to level 4!
You barely miss the orc priest.
A giggling sprite leaps out and smacks the orc priest with its own hand.
The orc priest is lightly wounded.
The orc priest calls down the wrath of Beogh upon you.
Pain shoots through your body!
You bump into the rock wall.
The orc priest mumbles some strange prayers to Beogh against you.
Beogh smites you!
* * * LOW HITPOINT WARNING * * *
The orc priest looks braver for a moment.
You bump into the rock wall.
You feel less confused. The orc priest closely misses you.
It was a potion of cancellation.
Your magical effects are unravelling.
You feel magically purged.
You feel your willpower return.
The jinxing sprites lose interest in you.
The orc priest hits you but does no damage.
Fire: a) +1 orcbow
Press: ? - help, Q - select action, (/) - cycle Shift-Dir - straight line, f - orc priest
Aim: an orc priest, wielding a +0 club (lightly wounded, heavily drained, 56% to hit)
You shoot an arrow. The arrow hits the orc priest.
The orc priest is heavily wounded.
The orc priest seems less drained.
The orc priest hits you with a +0 club.
* * * LOW HITPOINT WARNING * * *
Fire: a) +1 orcbow
Press: ? - help, Q - select action, (/) - cycle Shift-Dir - straight line, f/p - orc priest
Aim: an orc priest, wielding a +0 club (heavily wounded, 56% to hit)
You shoot an arrow.
The arrow closely misses the orc priest.
The arrow hits the orc priest!
The orc priest is almost dead.
The orc priest barely misses you.
The orc priest mumbles some strange prayers to Beogh against you.
Beogh smites you!
You die...
Kikubaaqudgha rasps: You have failed me!
Welcome... death!

... .. .. )##
# ... .. #o#
...#### #o#
....†)######
##@#
#))<...####..#
######...##.##
###.##.#
#.##.# #....#
######


You could see 2 orc priests.

Vanquished Creatures
  An ogre (D:4)
  2 scorpions (D:4)
  3 hounds (D:5)
  2 jellies (D:4)
  3 iguanas
  2 orc wizards
  A sleepcap (D:4)
  3 gnolls (D:5)
  7 adders
  A ribbon worm (D:4)
  6 orcs
  7 ball pythons
  8 endoplasms
  5 giant cockroaches
  10 goblins
  7 hobgoblins
  3 jackals
  2 quokkas
  5 bats
  2 frilled lizards (D:1)
  10 kobolds
  2 rats (D:1)
92 creatures vanquished.

Notes
Turn   | Place    | Note
-------+----------+-------------------------------------------
     0 | D:1      | dolemite99 the Gnoll Hexslinger began the quest for the
                  | Orb.
     0 | D:1      | Reached XP level 1. HP: 17/17 MP: 4/4
    98 | D:1      | Reached XP level 2. HP: 23/23 MP: 5/5
   674 | D:1      | Reached XP level 3. HP: 28/28 MP: 7/7
   817 | D:1      | Found a faded altar of an unknown god.
   850 | D:1      | Prayed at the altar of an unknown god.
   850 | D:1      | Became a worshipper of Kikubaaqudgha
   850 | D:1      | Reached * piety under Kikubaaqudgha
   850 | D:1      | Received a gift from Kikubaaqudgha
  1011 | D:2      | Reached skill level 1 in Invocations
  1019 | D:2      | Reached skill level 1 in Short Blades
  1019 | D:2      | Reached skill level 1 in Long Blades
  1019 | D:2      | Reached skill level 1 in Axes
  1019 | D:2      | Reached skill level 1 in Maces & Flails
  1019 | D:2      | Reached skill level 1 in Polearms
  1019 | D:2      | Reached skill level 1 in Staves
  1019 | D:2      | Reached skill level 1 in Throwing
  1019 | D:2      | Reached skill level 1 in Armour
  1019 | D:2      | Reached skill level 1 in Stealth
  1019 | D:2      | Reached skill level 1 in Shields
  1019 | D:2      | Reached skill level 1 in Unarmed Combat
  1019 | D:2      | Reached skill level 1 in Evocations
  1315 | D:2      | Reached skill level 1 in Shapeshifting
  1315 | D:2      | Reached XP level 4. HP: 34/34 MP: 8/8
  1598 | D:3      | Reached skill level 1 in Conjurations
  1598 | D:3      | Reached skill level 1 in Summonings
  1598 | D:3      | Reached skill level 1 in Necromancy
  1598 | D:3      | Reached skill level 1 in Translocations
  1598 | D:3      | Reached skill level 1 in Ice Magic
  1598 | D:3      | Reached skill level 1 in Air Magic
  1598 | D:3      | Reached skill level 1 in Earth Magic
  1598 | D:3      | Reached skill level 1 in Alchemy
  1699 | D:3      | Reached ** piety under Kikubaaqudgha
  1817 | D:3      | Learned a level 2 spell: Jinxbite
  2128 | D:4      | Noticed a scorpion
  2145 | D:4      | Killed a scorpion
  2146 | D:4      | Reached XP level 5. HP: 19/41 MP: 6/9
  3061 | D:4      | Found Teck's Tiny Tomes.
  3072 | D:4      | Bought the Encyclopedia of Prima Materia for 66 gold pieces
  3075 | D:4      | Learned a level 2 spell: Mercury Vapours
  3078 | D:4      | Learned a level 2 spell: Blink
  3082 | D:4      | Learned a level 3 spell: Sigil of Binding
  3408 | D:4      | Found Dunnoi's Mass Market.
  3453 | D:4      | Reached XP level 6. HP: 47/47 MP: 8/11
  3505 | D:4      | Found Xuiczuz's CLEARANCE SALE!.
  3512 | D:4      | Bought a scroll of revelation for 37 gold pieces
  3512 | D:4      | Bought a potion of berserk rage for 25 gold pieces
  3630 | D:4      | Reached skill level 5 in Ranged Weapons
  3630 | D:4      | Reached skill level 5 in Dodging
  4704 | D:4      | Reached XP level 7. HP: 49/52 MP: 10/12
  4743 | D:4      | Got the Book of Consolidated Ensorcelling
  4752 | D:4      | Learned a level 3 spell: Inner Flame
  4803 | D:4      | Noticed a shadow
  4804 | D:4      | Found a shadowy altar of Dithmenos.
  4805 | D:4      | Found a hazy altar of Hepliaklqana.
  4825 | D:5      | Entered Level 5 of the Dungeon
  4952 | D:5      | Killed from afar by an orc priest

Illustrated notes

Levels and vault maps discovered:
D:1:      spicycebolla_green_bress_n_ham_2, layout_loops_ring,
          basic_ecumenical_altar, nrook_mini_backslash,
          minmay_gold_behind_fungi, feat_on_display
D:2:      layout_rooms, st_stairs_6
D:3:      layout_basic
D:4:      minmay_octagon_keep, layout_rooms,
          riverfiend_overflow_shadow_ancestor, minmay_shop_mass,
          nicolae_shop_i_like_small_books_too, nicolae_shop_clearance
D:5:      layout_rooms, minmay_temple_entry_sparse_star, uniq_eustachio,
          uniq_sigmund

Skill      XL: |  1  2  3  4  5  6  7 |
---------------+----------------------+-----
Fire Magic     | 2 3 |  3.1
Invocations    | 1 2 3 |  3.0
Short Blades   | 1 2 |  2.7
Long Blades    | 1 2 |  2.7
Axes           | 1 2 |  2.7
Maces & Flails | 1 2 |  2.7
Polearms       | 1 2 |  2.7
Staves         | 1 2 |  2.7
Throwing       | 1 2 |  2.7
Armour         | 1 2 |  2.7
Stealth        | 1 2 |  2.7
Shields        | 1 2 |  2.7
Unarmed Combat | 1 2 |  2.7
Evocations     | 1 2 |  2.7
Shapeshifting  | 1 2 |  2.4
Spellcasting   | 3 4 |  4.0
Conjurations   | 1 2 |  2.2
Summonings     | 1 2 |  2.2
Necromancy     | 1 2 |  2.2
Translocations | 1 2 |  2.2
Ice Magic      | 1 2 |  2.2
Air Magic      | 1 2 |  2.2
Earth Magic    | 1 2 |  2.2
Alchemy        | 1 2 |  2.2
Fighting       | 3 |  3.8
Ranged Weapons | 5 |  5.3
Dodging        | 5 |  5.3
Hexes          | |  5.9

Action                     |  1- 3 |  4- 6 |  7- 9 || total
---------------------------+-------+-------+-------++-------
  Melee: Orcbow            |       |     4 |     2 ||     6
   Fire: Sling             |   106 |    14 |       ||   120
         Orcbow            |       |   158 |    34 ||   192
   Cast: Jinxbite          |       |    11 |     3 ||    14
         Inner Flame       |       |       |     1 ||     1
    Use: Potion            |     1 |     1 |     4 ||     6
         Scroll            |       |     8 |       ||     8
 Armour: Robe              |    31 |    84 |    18 ||   133
  Dodge: Dodged            |    51 |    75 |    25 ||   151

Table legend: (Time is in decaauts)
 A = Elapsed time spent in this place.
 B = Non-inter-level travel time spent in this place.
 C = Inter-level travel time spent in this place.
 D = Time resting spent in this place.
 E = Time spent auto-exploring this place.
 F = Levels seen in this place.
 G = Mean time per level.
                   A        B        C        D        E       F      G
               +--------+--------+--------+--------+--------+-----+--------+
         Total |   5009 |   4903 |    106 |   2116 |   1987 |   5 | 1001.8 |
       Dungeon |   5009 |   4903 |    106 |   2116 |   1987 |   5 | 1001.8 |
               +--------+--------+--------+--------+--------+-----+--------+

Top non-repeatable levels by time:
     D:4: 2699 daAuts
     D:1: 987 daAuts
     D:3: 732 daAuts
     D:2: 459 daAuts
     D:5: 130 daAuts
